 Dungeon Crawl Stone Soup version 0.29.1-2-gbd0b4ee654 (webtiles) character file.

Game seed: 13731492742379469804

30 raph the Caller (level 3, -6/24 HPs)
             Began as a Merfolk Summoner on Nov 2, 2022.
             Killed by nerve-wracking pain
             ... invoked by an orc priest
              (7 damage)
             ... on level 2 of the Dungeon.
             The game lasted 00:02:03 (1758 turns).

raph the Caller (Merfolk Summoner)                  Turns: 1758, Time: 00:02:04

Health: -6/24      AC:  2    Str:  8    XL:     3   Next: 20%
Magic:  3/6        EV: 12    Int: 16    God:
Gold:   60         SH:  0    Dex: 14    Spells: 0/6 levels left

rFire   . . .      SeeInvis .   i - +2 dagger (holy)
rCold   . . .      Faith    .   (no shield)
rNeg    . . .      Spirit   .   a - +0 robe
rPois   .          Reflect  .   (no helmet)
rElec   .          Harm     .   (no cloak)
rCorr   .          Rampage  .   (no gloves)
Will    .....                   (no boots)
Stlth   ++........              (no amulet)
HPRegen 0.08/turn               (no ring)
MPRegen 0.10/turn               (no ring)

@: no status effects
A: (nimble swimmer 2), mertail
a: no special abilities


You were on level 2 of the Dungeon.
You visited 1 branch of the dungeon, and saw 2 of its levels.

You collected 60 gold pieces.

Inventory:

Hand Weapons
 g - a +0 quarterstaff
 i - a +2 dagger of holy wrath (weapon)
 l - a +0 trident
Missiles
 d - 4 poisoned darts
Armour
 a - a +0 robe (worn)
Wands
 j - a wand of roots (13)
Scrolls
 f - 2 scrolls of teleportation {unknown}
 k - a scroll of magic mapping {unknown}
Potions
 b - 2 potions of magic
 c - a potion of lignification {unknown}
 e - 2 potions of cancellation {unknown}
 h - a potion of haste {unknown}


   Skills:
 - Level 2.6 Dodging
 - Level 2.1 Stealth
 - Level 2.0 Spellcasting
 + Level 5.0 Summonings


You couldn't memorise any spells.
You knew the following spells:

 Your Spells              Type           Power      Damage    Failure   Level
a - Summon Small Mammal   Summ           68%        N/A       2%          1
b - Call Imp              Summ           17%        N/A       4%          2
c - Call Canine Familiar  Summ           17%        N/A       8%          3

Your spell library contained the following spells:

 Spells                   Type           Power      Damage    Failure   Level
 Summon Guardian Golem    Hex/Summ       9%         N/A       22%         3
 Summon Lightning Spire   Summ/Air       9%         N/A       58%         4


Dungeon Overview and Level Annotations

Branches:
Dungeon (2/15)

Altars:


Innate Abilities, Weirdness & Mutations

((You are very nimble when in or above water. (Stealth+, EV+, Speed+++)))
Your lower body shifts to a powerful aquatic tail in water.


Message History

The orc closely misses you.
Your crimson imp hits the orc but does no damage.
You closely miss the orc.
The orc is heavily wounded.
Your quokka bites the orc but does no damage.
Your quokka barely misses the orc.
Your crimson imp blinks!
The orc priest hits your quokka with a +0 dagger.
Your quokka dies!
Your quokka's corpse disappears in a puff of smoke!
The orc closely misses you.
You hit the orc.
The orc is severely wounded.
The orc hits you but does no damage.
You hit the orc priest.
You punch the orc priest, but do no damage.
The orc priest is lightly wounded.
The orc priest hits you with a +0 dagger.
The orc closely misses you.
Your crimson imp hits the orc.
You hit the orc priest.
You punch the orc priest, but do no damage.
The orc priest is moderately wounded.
The orc hits you with a +0 club.
The orc priest calls down the wrath of Beogh upon you.
Pain shoots through your body!
* * * LOW HITPOINT WARNING * * *
Your crimson imp hits the orc but does no damage.
You hit the orc but do no damage.
The orc is severely wounded.
The orc priest calls upon Beogh to heal the orc.
The orc's wounds heal themselves!
Your crimson imp hits the orc.
The orc hits your crimson imp with a +0 club.
The orc hits you with a +0 club.
* * * LOW HITPOINT WARNING * * *
Your crimson imp blinks!
Your magical contamination has completely faded away.
The orc attacks as you move away! The orc closely misses you.
The orc priest mumbles some strange prayers to Beogh against you.
Pain shoots through your body!
You die...

###).##.#..#######.###
#......#..# #.#
#...####..# #.#
#....<....# #.#
#....(....# #.#
#..######.# ##.#
##.##.o### #.. #..#
..5....o..# #.##
....##.ยง#@# #.# .#.
#..#.# #.# # #..#.#
#.# #..#.# #.# #..#.#
#.# .?.#.# #.# ######
#.# #####.# #.....#


You could see an orc priest, an orc (ally target) and a friendly crimson imp
(summoned).

Vanquished Creatures
  2 ball pythons (D:1)
  3 bats (D:1)
  3 giant cockroaches (D:1)
  A goblin (D:2)
  2 hobgoblins
  4 rats
15 creatures vanquished.

Vanquished Creatures (collateral kills)
  3 endoplasms (D:1)
  3 giant cockroaches (D:1)
  2 goblins (D:1)
  A frilled lizard (D:1)
  3 rats (D:1)
12 creatures vanquished.

Grand Total: 27 creatures vanquished

Notes
Turn   | Place    | Note
-------+----------+-------------------------------------------
     0 | D:1      | raph the Merfolk Summoner began the quest for the Orb.
     0 | D:1      | Reached XP level 1. HP: 13/13 MP: 3/3
   400 | D:1      | Reached XP level 2. HP: 5/19 MP: 1/5
   623 | D:1      | Learned a level 2 spell: Call Imp
  1376 | D:1      | Reached XP level 3. HP: 24/24 MP: 6/6
  1380 | D:1      | Learned a level 3 spell: Call Canine Familiar
  1513 | D:2      | Reached skill level 5 in Summonings
  1590 | D:2      | Found a faded altar of an unknown god.
  1757 | D:2      | HP: 1/24 [orc/+0 club (4)]
  1758 | D:2      | Killed from afar by an orc priest

Illustrated notes

Levels and vault maps discovered:
D:1:      elethiomel_arrival_quiet, layout_basic, hangedman_decor_lopped,
          minmay_worlds_worst_comb
D:2:      layout_loops_ring, serial_aquarium, aquarium_bridge_long_separate
          [aquarium_subvault_bridge, aquarium_subvault_window,
          aquarium_subvault_wall, aquarium_subvault_bridge,
          aquarium_subvault_balcony, aquarium_subvault_wall], aquarium_window_2,
          aquarium_window_1, aquarium_window_2, aquarium_view_2e,
          aquarium_pool_double, dreamdust_ecumenical_altar_angels_and_demons

Skill      XL: |  1  2  3 |
---------------+----------+-----
Summonings     | 5 |  5.0
Dodging        | |  2.6
Stealth        | |  2.1
Spellcasting   | |  2.0

Action                   || total
-------------------------++-------
Melee: Unarmed           ||    38
       Punch             ||     6
       Quarterstaff      ||     7
       Dagger            ||    28
Throw: Dart              ||     1
 Cast: Summon Small Mamm ||    23
       Call Imp          ||     8
 Stab: Distracted        ||     1
       Sleeping          ||     3
Armor: Robe              ||    24
Dodge: Dodged            ||    59
